 Dungeon Crawl Stone Soup version 0.29.0-4-gdea44cf6ec (webtiles) character file.

Game seed: 10271661695404045869

536 qw the Chopper (level 7, -3/41 HPs)
             Began as a Tengu Warper on Aug 28, 2022.
             Slain by Grinder (6 damage)
             ... on level 5 of the Dungeon.
             The game lasted 00:00:27 (4791 turns).

qw the Chopper (Tengu Warper)                       Turns: 4791, Time: 00:00:27

Health: -3/41      AC: 14    Str: 19    XL:     7   Next: 25%
Magic:  11/11      EV:  7    Int: 14    God:
Gold:   196        SH:  0    Dex: 11    Spells: 10/10 levels left

rFire   . . .      SeeInvis .   Y - +1 hand axe
rCold   . . .      Faith    .   (no shield)
rNeg    . . .      Spirit   .   c - +0 plate armour
rPois   .          Reflect  .   (helmet restricted)
rElec   .          Harm     .   i - +0 cloak
rCorr   .          Rampage  .   (no gloves)
Will    .....                   (boots unavailable)
Stlth   ..........              (no amulet)
HPRegen 0.13/turn               l - +6 ring of strength
MPRegen 0.12/turn               (no ring)

@: about to teleport, flying quickly and evasively, quick
A: beak, talons 3, nimble flight, iridescent scales 1, clumsy 1, mutation
resistance 1, subdued magic 1
a: no special abilities


You were on level 5 of the Dungeon.
You visited 1 branch of the dungeon, and saw 5 of its levels.

You collected 236 gold pieces.
You spent 40 gold pieces at shops.


Innate Abilities, Weirdness & Mutations

You have a beak for a mouth.
You have claws for feet.
Your magical nature lets you fly swiftly and evasively.
You are partially covered in iridescent scales. (AC +2)
You are clumsy. (Dex -2)
You are somewhat resistant to further mutation.
Your spells are a little easier to cast, but a little less powerful.


   Skills:
 - Level 3.1 Fighting
 + Level 7.4 Axes
 - Level 1.0 Throwing
 - Level 3.0 Armour
 - Level 2.1 Dodging
 - Level 2.0 Spellcasting
 - Level 2.4 Translocations


You had 10 spell levels left.
You didn't know any spells.
Your spell library contained the following spells:

 Spells                   Type           Power      Damage    Failure   Level
 Blink                    Tloc           12%        N/A       99%         2
 Gell's Gravitas          Tloc           6%         N/A       100%        3
 Lesser Beckoning         Tloc           6%         N/A       100%        3
 Teleport Other           Tloc           6%         N/A       100%        3
 Manifold Assault         Tloc           6%         N/A       100%        5

Inventory:

Hand Weapons
 b - a +0 flail
 Y - a +1 hand axe (weapon)
Armour
 c - a +0 plate armour (worn)
 i - a +0 cloak (worn)
Jewellery
 l - a +6 ring of strength (left hand)
Scrolls
 a - 2 scrolls of teleportation
 h - a scroll of identify
Potions
 d - 5 potions of curing
 e - a potion of haste
 f - a potion of might
 n - 3 potions of resistance

Dungeon Overview and Level Annotations

Branches:
Dungeon (5/15)
 Temple: D:4-7

Altars:
Dithmenos
Elyvilon
Vehumet

Shops:
D:4 *

Annotations:
D:5 Grinder


Message History

You closely miss Grinder. Your kick misses Grinder. Grinder hits you.
You writhe in agony.
You closely miss Grinder. You claw Grinder! Your peck misses Grinder.
Grinder is moderately wounded.
Grinder hits you!
You hit Grinder. You claw Grinder.
Grinder is moderately wounded.
Grinder gestures at you. Pain shoots through your body!
You closely miss Grinder.
Grinder is moderately wounded.
Grinder hits you but does no damage.
You hit Grinder. You claw Grinder. You peck Grinder, but do no damage.
Grinder is heavily wounded.
You barely miss Grinder.
Grinder is heavily wounded.
Grinder blinks!
4784 ||| Stepping ~*~*~tactically~*~*~ (hiding).
You start resting.
Grinder is nearby!
You barely miss Grinder. You claw Grinder.
Grinder is heavily wounded.
Grinder hits you but does no damage.
You closely miss Grinder. Your kick misses Grinder.
Grinder is heavily wounded.
Grinder hits you.
You writhe in agony.
4789 ||| READING 3 scrolls of teleportation.
As you read the scroll of teleportation, it crumbles to dust.
You feel strangely unstable.
Grinder says, "At least Makhleb appreciates what I'm doing."
Grinder gestures at you. Pain shoots through your body!
You closely miss Grinder. Your kick misses Grinder.
You peck Grinder, but do no damage.
Grinder is heavily wounded.
Grinder hits you but does no damage.
You barely miss Grinder. You claw Grinder!
Grinder is severely wounded.
Grinder hits you.
You die...

#...###...........
#.<.#...##.#####.# #
#...######.#####.#
#.###...###......[...#
#.....}..%..##.#######
##.....#####.# ##..%##
#.# ##5## #.# ##@# ...
#..# ... #..# ... #.##
#.# #.# #.# #.# #.#


You could see Grinder.

Vanquished Creatures
  An ogre (D:5)
  A phantom (D:4)
  A scorpion (D:4)
  2 orc priests
  3 iguanas
  An orc wizard (D:3)
  3 adders
  3 gnolls (D:4)
  An ufetubus (D:5)
  2 dart slugs (D:1)
  10 orcs
  7 endoplasms
  6 giant cockroaches
  5 goblins
  7 hobgoblins
  7 jackals (D:4)
  5 quokkas
  4 ball pythons
  7 bats
  2 frilled lizards
  A kobold (D:2)
  3 rats
82 creatures vanquished.

Notes
Turn   | Place    | Note
-------+----------+-------------------------------------------
     0 | D:1      | qw the Tengu Warper began the quest for the Orb.
     0 | D:1      | Reached XP level 1. HP: 12/12 MP: 4/4
     0 | D:1      | 0 ||| qw: Version: 0.1-a-89-g26bdef1
     0 | D:1      | 0 ||| qw: Game counter: 2379
     0 | D:1      | 0 ||| qw: Always use a shield: true
     0 | D:1      | 0 ||| qw: God list: Okawaru
     0 | D:1      | 0 ||| qw: Allow faded altars: false
     0 | D:1      | 0 ||| qw: Do Orc after D:15 true
     0 | D:1      | 0 ||| qw: Do second Lair branch before Depths: true
     0 | D:1      | 0 ||| qw: Lair rune preference: random
     0 | D:1      | 0 ||| qw: Plans: Normal
     0 | D:1      | 0 ||| PLANNING D:1-11
   141 | D:1      | Reached XP level 2. HP: 17/17 MP: 6/6
   165 | D:1      | Reached skill level 3 in Axes
   651 | D:1      | 651 ||| Stepping ~*~*~tactically~*~*~ (hiding).
   753 | D:1      | 753 ||| Stepping ~*~*~tactically~*~*~ (hiding).
   858 | D:1      | 858 ||| Stepping ~*~*~tactically~*~*~ (hiding).
   960 | D:1      | 960 ||| Stepping ~*~*~tactically~*~*~ (hiding).
  1062 | D:1      | 1062 ||| Stepping ~*~*~tactically~*~*~ (hiding).
  1389 | D:1      | 1389 ||| UPGRADING to +0 chain mail.
  1399 | D:1      | 1399 ||| DROPPING +0 leather armour.
  1400 | D:1      | 1400 ||| UPGRADING to +0 cloak.
  1405 | D:1      | 1405 ||| UPGRADING to +6 ring of strength.
  1406 | D:1      | 1406 ||| READING 4 scrolls labelled XIXKAM HALARCH.
  1409 | D:1      | 1409 ||| READING scroll labelled GORGHE HUSHY.
  1410 | D:1      | 1410 ||| DRINKING 2 metallic silvery potions.
  1448 | D:1      | 1448 ||| DRINKING 2 murky puce potions.
  1449 | D:1      | 1449 ||| DROPPING scroll of blinking.
  1450 | D:1      | 1450 ||| DROPPING potion of lignification.
  1487 | D:2      | Reached XP level 3. HP: 21/21 MP: 7/7
  1519 | D:2      | Found a faded altar of an unknown god.
  1546 | D:2      | Reached skill level 4 in Axes
  2028 | D:2      | 2028 ||| DROPPING ring of magical power.
  2029 | D:2      | 2029 ||| READING scroll labelled HEBLUU WARHOYK.
  2030 | D:2      | 2030 ||| READING scroll labelled VAODOY IWKO.
  2031 | D:2      | 2031 ||| READING scroll labelled ZAZEUGR UNAWN.
  2032 | D:2      | 2032 ||| DRINKING 3 clear potions.
  2033 | D:2      | 2033 ||| DRINKING 2 metallic brown potions.
  2033 | D:2      | Gained mutation: You are clumsy. (Dex -2) [potion of
                  | mutation]
  2033 | D:2      | Gained mutation: You occasionally lose the ability to read
                  | scrolls when taking damage. [potion of mutation]
  2033 | D:2      | Gained mutation: You have a pair of small horns on your
                  | head. [potion of mutation]
  2034 | D:2      | 2034 ||| DRINKING potion of mutation.
  2034 | D:2      | Lost mutation: You have a pair of small horns on your head.
                  | [potion of mutation]
  2034 | D:2      | Lost mutation: You occasionally lose the ability to read
                  | scrolls when taking damage. [potion of mutation]
  2034 | D:2      | Gained mutation: You are partially covered in iridescent
                  | scales. (AC +2) [potion of mutation]
  2034 | D:2      | Gained mutation: Your spells are a little easier to cast,
                  | but a little less powerful. [potion of mutation]
  2034 | D:2      | Gained mutation: You are somewhat resistant to further
                  | mutation. [potion of mutation]
  2074 | D:3      | Found a radiant altar of Vehumet.
  2081 | D:3      | Found a white marble altar of Elyvilon.
  2101 | D:3      | Reached XP level 4. HP: 26/26 MP: 8/8
  2216 | D:3      | 2216 ||| Stepping ~*~*~tactically~*~*~ (stealth).
  2281 | D:3      | 2281 ||| Stepping ~*~*~tactically~*~*~ (hiding).
  2290 | D:3      | Reached skill level 5 in Axes
  2290 | D:3      | 2290 ||| DRINKING 3 potions of curing.
  2290 | D:3      | 2290 ||| (to cure confusion)
  2291 | D:3      | 2291 ||| Stepping ~*~*~tactically~*~*~ (stealth).
  2299 | D:3      | Gained mutation: Your magical nature lets you fly swiftly
                  | and evasively. [Tengu growth]
  2299 | D:3      | Reached XP level 5. HP: 22/30 MP: 9/9
  2299 | D:3      | 2299 ||| FLEEEEING.
  2300 | D:3      | 2300 ||| FLEEEEING.
  2301 | D:3      | 2301 ||| FLEEEEING.
  2305 | D:3      | 2305 ||| FLEEEEING.
  2308 | D:3      | 2308 ||| FLEEEEING.
  2311 | D:3      | 2311 ||| FLEEEEING.
  2312 | D:3      | 2312 ||| FLEEEEING.
  2313 | D:3      | 2313 ||| FLEEEEING.
  2314 | D:3      | 2314 ||| FLEEEEING.
  2315 | D:3      | 2315 ||| FLEEEEING.
  2316 | D:3      | 2316 ||| FLEEEEING.
  2317 | D:3      | 2317 ||| FLEEEEING.
  2318 | D:3      | 2318 ||| FLEEEEING.
  2319 | D:3      | 2319 ||| FLEEEEING.
  2320 | D:3      | 2320 ||| FLEEEEING.
  2321 | D:3      | 2321 ||| FLEEEEING.
  2322 | D:3      | 2322 ||| FLEEEEING.
  2323 | D:3      | 2323 ||| FLEEEEING.
  2333 | D:3      | 2333 ||| FLEEEEING.
  2334 | D:3      | 2334 ||| FLEEEEING.
  2335 | D:3      | 2335 ||| FLEEEEING.
  2339 | D:3      | 2339 ||| FLEEEEING.
  2340 | D:3      | 2340 ||| FLEEEEING.
  2344 | D:3      | 2344 ||| STAIRDANCE
  2383 | D:2      | 2383 ||| UPGRADING to +0 plate armour.
  2393 | D:2      | 2393 ||| DROPPING +0 chain mail.
  2436 | D:3      | 2436 ||| Stepping ~*~*~tactically~*~*~ (stealth).
  2730 | D:3      | 2730 ||| Stepping ~*~*~tactically~*~*~ (stealth).
  2732 | D:3      | 2732 ||| Stepping ~*~*~tactically~*~*~ (stealth).
  2733 | D:3      | 2733 ||| Stepping ~*~*~tactically~*~*~ (stealth).
  2734 | D:3      | 2734 ||| Stepping ~*~*~tactically~*~*~ (stealth).
  2735 | D:3      | 2735 ||| Stepping ~*~*~tactically~*~*~ (stealth).
  2805 | D:3      | 2805 ||| Stepping ~*~*~tactically~*~*~ (stealth).
  2807 | D:3      | 2807 ||| Stepping ~*~*~tactically~*~*~ (stealth).
  2808 | D:3      | 2808 ||| Stepping ~*~*~tactically~*~*~ (stealth).
  2809 | D:3      | 2809 ||| Stepping ~*~*~tactically~*~*~ (stealth).
  2933 | D:3      | 2933 ||| READING scroll labelled SEHUSE BATOAQA.
  3034 | D:3      | 3034 ||| DRINKING 2 smoky cyan potions.
  3135 | D:3      | 3135 ||| DRINKING 2 red potions.
  3136 | D:3      | 3136 ||| DROPPING potion of ambrosia.
  3172 | D:4      | Reached skill level 6 in Axes
  3181 | D:4      | Reached XP level 6. HP: 35/35 MP: 10/10
  3268 | D:4      | Reached skill level 7 in Axes
  3385 | D:4      | 3385 ||| DROPPING +0 mace.
  3462 | D:4      | Found Vulyeffo's Assorted Antiques.
  3472 | D:4      | 3472 ||| BUYING bubbling black potion (20 gold).
  3472 | D:4      | Bought a bubbling black potion for 20 gold pieces
  3472 | D:4      | 3472 ||| SHOPLISTING potion of mutation (184 gold, have
                  | 152).
  3472 | D:4      | 3472 ||| BUYING purple potion (20 gold).
  3472 | D:4      | Bought a purple potion for 20 gold pieces
  3650 | D:4      | Found a shadowy altar of Dithmenos.
  3805 | D:4      | 3805 ||| Stepping ~*~*~tactically~*~*~ (stealth).
  3879 | D:4      | Reached skill level 3 in Armour
  4356 | D:4      | 4356 ||| DRINKING 2 purple potions.
  4357 | D:4      | 4357 ||| READING 3 scrolls of identify.
  4357 | D:4      | 4357 ||| IDENTIFYING grey potion
  4358 | D:4      | 4358 ||| READING 2 scrolls of identify.
  4358 | D:4      | 4358 ||| IDENTIFYING bubbling black potion
  4359 | D:4      | 4359 ||| DROPPING potion of attraction.
  4360 | D:4      | 4360 ||| DROPPING potion of magic.
  4428 | D:4      | 4428 ||| READING 5 scrolls of teleportation.
  4429 | D:4      | 4429 ||| STAIRDANCE
  4468 | D:4      | 4468 ||| READING 4 scrolls of teleportation.
  4469 | D:4      | 4469 ||| STAIRDANCE
  4530 | D:5      | Entered Level 5 of the Dungeon
  4548 | D:5      | 4548 ||| Stepping ~*~*~tactically~*~*~ (stealth).
  4552 | D:5      | Reached skill level 3 in Fighting
  4552 | D:5      | Reached XP level 7. HP: 25/41 MP: 11/11
  4722 | D:5      | 4722 ||| Stepping ~*~*~tactically~*~*~ (stealth).
  4766 | D:5      | Noticed Grinder
  4767 | D:5      | 4767 ||| Stepping ~*~*~tactically~*~*~ (stealth).
  4784 | D:5      | 4784 ||| Stepping ~*~*~tactically~*~*~ (hiding).
  4788 | D:5      | HP: 8/41 [Grinder (6)]
  4789 | D:5      | 4789 ||| READING 3 scrolls of teleportation.
  4789 | D:5      | HP: 3/41 [Grinder/nerve-wracking pain (5)]
  4791 | D:5      | Slain by Grinder

Levels and vault maps discovered:
D:1:      lemuel_arrival_tunnels, layout_loops_ring
D:2:      layout_rooms, basic_ecumenical_altar, st_stairs_3, minivault_23
D:3:      layout_rooms, mainiacjoe_overflow_catwalk_spiral,
          nicolae_kite_square_tiling_tiny, kennysheep_small_spiral
D:4:      layout_layer_cave, nicolae_overflow_hidden_temple, serial_shops, shop
D:5:      layout_loops_cross, nicolae_qazlal_scattered_showers, serial_shops,
          nicolae_stop_n_shop_2, grunt_ministairs_15, uniq_grinder,
          uniq_blork_the_orc, uniq_eustachio

Skill      XL: |  1  2  3  4  5  6 |
---------------+-------------------+-----
Axes           | 3 4 5 6 7 |  7.4
Armour         | 2 3 |  3.0
Fighting       | 3 |  3.1
Throwing       | |  1.0
Dodging        | |  2.1
Spellcasting   | |  2.0
Translocations | |  2.4

Action                   |  1- 3 |  4- 6 |  7- 9 || total
-------------------------+-------+-------+-------++-------
Melee: Hand axe          |    82 |    98 |    20 ||   200
       Kick              |    19 |    30 |     7 ||    56
       Peck              |    12 |    14 |     3 ||    29
Throw: Boomerang         |     7 |       |       ||     7
  Use: Potion            |     5 |     4 |       ||     9
       Scroll            |     5 |     5 |     1 ||    11
Armor: Leather armour    |    22 |       |       ||    22
       Chain mail        |    10 |     3 |       ||    13
       Plate armour      |       |    40 |     9 ||    49
Dodge: Dodged            |    38 |    40 |     2 ||    80

Table legend:
 A = Non-vault XP
 B = Vault XP
 C = Vault XP percentage of total XP
 D = Non-vault monster count
 E = Vault monster count
 F = Vault count percentage of total count
                 A         B        C        D         E       F
            +---------+---------+-------+---------+---------+-------
      Total |     715 |      51 |   6.7 |      78 |       4 |   4.9
            +---------+---------+-------+---------+---------+-------
        D:1 |      33 |       0 |   0.0 |      17 |       0 |   0.0
        D:2 |      38 |       4 |   9.5 |      15 |       2 |  11.8
        D:3 |     136 |       0 |   0.0 |      23 |       0 |   0.0
        D:4 |     374 |       0 |   0.0 |      21 |       0 |   0.0
        D:5 |     134 |      47 |  26.0 |       2 |       2 |  50.0
            +---------+---------+-------+---------+---------+-------
